 Dungeon Crawl Stone Soup version 0.30-a0-389-g8d7d949f56 (webtiles) character file.

Game seed: 4540302004129454974

307 arthad the Trooper (level 6, -1/39 HPs)
             Began as a Gargoyle Fighter on Dec 3, 2022.
             Killed by divine providence
             ... invoked by an orc priest
              (11 damage)
             ... on level 4 of the Dungeon.
             The game lasted 00:06:07 (2676 turns).

arthad the Trooper (Gargoyle Fighter)               Turns: 2676, Time: 00:06:08

Health: -1/39      AC: 11    Str: 22    XL:     6   Next: 40%
Magic:  6/6        EV: 10    Int:  8    God:
Gold:   201        SH:  4    Dex:  9    Spells: 5/5 levels left

rFire   + . .      SeeInvis +    i - +1 whip (freeze)
rCold   . . .      Faith    .    c - +0 buckler
rNeg    + + .      Spirit   .    r - +3 leather armour of Disappointment {rF+ rN+ SInv}
rPois   ∞          Reflect  .    (no helmet)
rElec   +          Harm     .    (no cloak)
rCorr   .          Rampage  .    (no gloves)
Will    .....                    (no boots)
Stlth   +.........               (no amulet)
HPRegen 0.26/turn                (no ring)
MPRegen 0.10/turn                (no ring)

@: no status effects
A: sickness immunity, AC +4, negative energy resistance 1, electricity
resistance, torment resistance 1, petrification resistance
a: no special abilities


You were on level 4 of the Dungeon.
You visited 1 branch of the dungeon, and saw 4 of its levels.

You collected 201 gold pieces.

Inventory:

Hand Weapons
 a - a +0 flail
 i - a +1 whip of freezing (weapon)
Missiles
 q - 18 poisoned darts (quivered)
Armour
 b - a +0 scale mail
 c - a +0 buckler (worn)
 r - the +3 leather armour of Disappointment (worn) {rF+ rN+ SInv}
   (You found it on level 3 of the Dungeon)

   rF:        It protects you from fire.
   rN:        It protects you from negative energy.
   SInv:      It lets you see invisible.
Jewellery
 u - a ring of positive energy
Scrolls
 m - a scroll of identify
 o - a scroll of enchant weapon {unknown}
 p - a scroll of brand weapon {unknown}
 s - a scroll of teleportation {unknown}
 t - a scroll of fear {unknown}
Potions
 d - a potion of might
 e - a potion of flight {unknown}
 f - 3 potions of attraction
 g - 2 potions of haste {unknown}
 h - 3 potions of curing {unknown}
 j - 3 potions of mutation {unknown}
 k - 3 potions of lignification {unknown}


   Skills:
 + Level 4.7 Fighting
 + Level 3.6 Maces & Flails
 + Level 4.7 Armour
 + Level 4.7 Shields


You had 5 spell levels left.
You didn't know any spells.
Your spell library contained the following spells:

 Spells                   Type           Power      Damage    Failure   Level
 Malign Gateway           Summ/Tloc      0%         N/A       100%        7
 Summon Horrible Things   Summ           0%         N/A       100%        8


Dungeon Overview and Level Annotations

Branches:
Dungeon (4/15)
 Temple: D:4-7

Altars:

Shops:
D:2 =[:=?


Innate Abilities, Weirdness & Mutations

You are immune to sickness and miasma.
Your stone body is resilient. (AC +4)
You are immune to poison.
You resist negative energy. (rN+)
You are resistant to electric shocks. (rElec)
You are resistant to unholy torment.
You are immune to petrification.


Message History

The goblin hits you with a +0 club.
You barely miss the goblin.
The orc wizard gestures wildly while chanting.
The orc wizard flickers and vanishes for a moment.
An orc priest comes into view. It is wielding a +0 flail.
The goblin closely misses you.
The hobgoblin hits you but does no damage.
An adder comes into view.
The orc priest shouts!
The hobgoblin attacks as you move away! The hobgoblin barely misses you.
You hit the goblin. You freeze the goblin.
You kill the goblin!
The hobgoblin hits you but does no damage.
The adder hisses angrily.
You hit the hobgoblin. You freeze the hobgoblin.
The hobgoblin is almost dead.
The hobgoblin closely misses you.
You whack the hobgoblin! You freeze the hobgoblin.
You kill the hobgoblin!
The orc priest invokes the aid of Beogh against you.
Beogh smites you! The orc hits you with a +0 short sword.
You don't know any spells.
Unknown command.
The orc attacks as you move away! The orc hits you with a +0 short sword.
The orc priest invokes the aid of Beogh against you.
Beogh smites you!
* * * LOW HITPOINT WARNING * * *
As you read the scroll labelled QEDWEYG JUBOK, it crumbles to dust.
The creatures around you are filled with an inner flame!
It was a scroll of immolation.
You block the orc's attack.
As you read the scroll labelled IROTORCH PUCUUSI, it crumbles to dust.
It is a scroll of identify.
f - 3 potions of attraction The orc misses you.
As you read the scroll labelled POLU ONWUOMATZ, it crumbles to dust.
It is a scroll of amnesia.
You feel forgetful for a moment.
The orc priest invokes the aid of Beogh against you.
Beogh smites you!
You die...

#<........#.......
#............###.#
#.........##.###..
#..........#.##...
#............#..#.
#.........#....##. #.#
#.........#...###.
.....######...............
......ooo@.............##.
....#.So#o.............###
.......#..##..........## #
#........###........... #
#......... #............ #
...#...#..# ##.#... #
...#...#... ....# . S.
.#......) ## .


You could see 2 orc priests, an orc wizard (inner flame, invisible), an adder
(inner flame) and 2 orcs.

Vanquished Creatures
  An orc priest (D:3)
  2 orc wizards
  Natasha (D:3)
  9 adders
  A gnoll (D:1)
  2 dart slugs
  3 orcs (D:3)
  6 ball pythons
  13 bats
  6 endoplasms
  5 giant cockroaches
  11 goblins
  13 hobgoblins
  11 jackals
  6 kobolds
  2 quokkas
  4 frilled lizards
  2 rats
98 creatures vanquished.

Notes
Turn   | Place    | Note
-------+----------+-------------------------------------------
     0 | D:1      | arthad the Gargoyle Fighter began the quest for the Orb.
     0 | D:1      | Reached XP level 1. HP: 14/14 MP: 1/1
   174 | D:1      | Reached XP level 2. HP: 19/19 MP: 2/2
   480 | D:1      | Reached XP level 3. HP: 23/23 MP: 3/3
   945 | D:2      | Found Sucziacu's Magic Scroll Boutique.
  1063 | D:2      | Reached XP level 4. HP: 29/29 MP: 4/4
  1073 | D:2      | Found Hanniycico's Book Emporium.
  1220 | D:2      | Found Keebb's Jewellery Emporium.
  1314 | D:2      | Found Dureg's Armour Shoppe.
  1356 | D:2      | Found Caeggoh's Jewellery Boutique.
  1484 | D:2      | Reached XP level 5. HP: 33/33 MP: 5/5
  1722 | D:3      | Identified the +3 leather armour of Disappointment {rF+ rN+
                  | SInv}
  1814 | D:3      | Reached XP level 6. HP: 36/39 MP: 6/6
  2476 | D:3      | Noticed Natasha
  2484 | D:3      | Killed Natasha
  2676 | D:4      | Killed from afar by an orc priest

Illustrated notes

Levels and vault maps discovered:
D:1:      nzn_arrival_water_spiral, layout_loops_corners
D:2:      minmay_spotlight, layout_rooms, serial_shops, nicolae_shop_trees,
          nicolae_square_shop, nicolae_square_shop, nicolae_shop_hallway_stairs,
          shop, st_stairs_13
D:3:      minmay_bubble_buster, layout_basic, uniq_natasha
D:4:      layout_rooms, minmay_temple_entry_enclosed_plants, uniq_ijyb

Skill      XL: |  1  2  3  4  5 |
---------------+----------------+-----
Shields        | 4 |  4.7
Fighting       | 4 |  4.7
Armour         | 4 |  4.7
Maces & Flails | 3 |  3.6

Action                   |  1- 3 |  4- 6 || total
-------------------------+-------+-------++-------
Melee: Flail             |    67 |       ||    67
       Whip              |    75 |   254 ||   329
  Use: Scroll            |       |     3 ||     3
Armor: Scale mail        |    70 |    74 ||   144
       Leather armour    |       |    67 ||    67
Dodge: Dodged            |    53 |   121 ||   174
Block: Buckler           |    27 |    54 ||    81

Table legend: (Time is in decaauts)
 A = Elapsed time spent in this place.
 B = Non-inter-level travel time spent in this place.
 C = Inter-level travel time spent in this place.
 D = Time resting spent in this place.
 E = Time spent auto-exploring this place.
 F = Levels seen in this place.
 G = Mean time per level.
                   A        B        C        D        E       F      G
               +--------+--------+--------+--------+--------+-----+--------+
         Total |   2696 |   2594 |    102 |     58 |   1819 |   4 |  674.0 |
       Dungeon |   2696 |   2594 |    102 |     58 |   1819 |   4 |  674.0 |
               +--------+--------+--------+--------+--------+-----+--------+

Top non-repeatable levels by time:
     D:3: 1010 daAuts
     D:1: 964 daAuts
     D:2: 633 daAuts
     D:4: 88 daAuts
